 Dungeon Crawl Stone Soup version 0.29.1-12-g30fa7ad0bf (webtiles) character file.

Game seed: 14910015124049187849

21774 croobank the Covert (level 12, -7/84 HPs)
             Began as an Octopode Delver on Jan 4, 2023.
             Was an Initiate of Gozag.
             Mangled by Snorg (19 damage)
             ... on level 4 of the Lair of Beasts.
             The game lasted 02:03:01 (16850 turns).

croobank the Covert (Octopode Delver)              Turns: 16850, Time: 02:03:01

Health: -7/84      AC:  5    Str: 13    XL:     12   Next: 93%
Magic:  14/24      EV: 22    Int: 20    God:    Gozag
Gold:   806        SH:  0    Dex: 19    Spells: 16/28 levels left

rFire   . . .      SeeInvis .   N - staff of conjuration
rCold   . . .      Faith    .   (no shield)
rNeg    + . .      Spirit   .   (helmet restricted)
rPois   .          Reflect  .   F - amulet of regeneration
rElec   .          Harm     .   t - +4 ring of protection
rCorr   .          Rampage  .   B - +6 ring of dexterity
Will    +....                   D - ring of the Middle {EV+4 Str+2 Int+5 Dex-5}
Stlth   +++++++...              I - ring of positive energy
HPRegen 1.04/turn               V - ring of willpower
MPRegen 0.19/turn               Z - ring of flight
                                (no ring)
                                (no ring)

@: gold aura, flying, hasted, very quick
A: almost no armour, amphibious, 8 rings, camouflage 1, gelatinous body 1,
(nimble swimmer 1), tentacles, tentacle spike 1, agile 1, no potion heal 1
a: Renounce Religion, Potion Petition, Call Merchant, Bribe Branch


You were on level 4 of the Lair of Beasts.
You worshipped Gozag.
Gozag was pleased with you.
You visited 3 branches of the dungeon, and saw 16 of its levels.
You also visited: Ossuary.

You collected 3166 gold pieces.
You paid 2360 gold pieces to Gozag.

Inventory:

Hand Weapons
 a - a +2 hand axe of freezing
 b - a +3 halberd of freezing
 d - a +4 antimagic war axe
 j - a +3 short sword of speed
 k - the +6 short sword of Righteous Fury {flame, rF- rCorr MP+9 Str+2}
   (You found it on level 4 of the Dungeon)

   It burns those it strikes, dealing additional fire damage.
   Str:       It affects your strength (+2).
   rF:        It makes you vulnerable to fire.
   MP:        It affects your magic capacity (+9).
   rCorr:     It protects you from acid and corrosion.
 p - a +0 war axe
 q - a +1 dire flail of protection
 H - a +0 demon whip of venom
 J - a +6 broad axe
 P - the +2 whip of Taxation {vamp, rPois rN+}
   (You found it on level 10 of the Dungeon)

   It occasionally heals its wielder for a portion of the damage dealt when it
   wounds a living foe.
   rPois:     It protects you from poison.
   rN:        It protects you from negative energy.
 S - a +4 shortbow
Missiles
 c - 15 javelins (quivered)
 x - 18 boomerangs
 M - 15 poisoned darts
Magical Staves
 N - a staff of conjuration (weapon)
Jewellery
 g - a ring of ice
 t - a +4 ring of protection (left tentacle)
 w - an amulet of guardian spirit
 B - a +6 ring of dexterity (right tentacle)
 D - the ring of the Middle (on tentacle) {EV+4 Str+2 Int+5 Dex-5}
   (You found it on level 6 of the Dungeon)

   [ring of evasion]

   EV:        It affects your evasion (+4).
   Str:       It affects your strength (+2).
   Int:       It affects your intelligence (+5).
   Dex:       It affects your dexterity (-5).
 F - an amulet of regeneration (around mantle)
 I - a ring of positive energy (on tentacle)
 K - an amulet of reflection
 V - a ring of willpower (on tentacle)
 Z - a ring of flight (on tentacle)
Wands
 f - a wand of digging (7)
 h - a wand of iceblast (9)
 m - a wand of mindburst (6)
 n - a wand of paralysis (5)
 X - a wand of flame (4)
Scrolls
 i - 5 scrolls of amnesia
 u - 3 scrolls of fear
 O - 2 scrolls of magic mapping
 U - a scroll of vulnerability
 W - a scroll of immolation {unknown}
 Y - 2 scrolls of poison
Potions
 e - 3 potions of curing
 l - 2 potions of cancellation
 o - 3 potions of brilliance
 r - a potion of lignification
 s - 2 potions of mutation
 v - 3 potions of flight
 A - a potion of invisibility
 C - 8 potions of ambrosia
 E - 2 potions of attraction
 G - 5 potions of magic
 L - 2 potions of might
 Q - a potion of resistance {unknown}
 R - a potion of haste
Miscellaneous
 T - a piece from Xom's chessboard (15/15)


   Skills:
 + Level 8.8 Fighting
 + Level 8.4 Axes
 + Level 8.3 Dodging
 + Level 13.1 Stealth
 + Level 8.5 Spellcasting
 + Level 9.3 Conjurations
 + Level 3.0 Hexes
 + Level 3.0 Earth Magic


You had 16 spell levels left.
You knew the following spells:

 Your Spells              Type           Power      Damage    Failure   Level
a - Searing Ray           Conj           100%       2d8       1%          2
b - Dazzling Flash        Conj/Hex       98%        N/A       1%          3
c - Stone Arrow           Conj/Erth      98%        3d13      1%          3
d - Fulminant Prism       Conj/Hex       24%        3d13      6%          4

Your spell library contained the following spells:

 Spells                   Type           Power      Damage    Failure   Level
 Magic Dart               Conj           100%       1d8       1%          1
 Sandblast                Erth           40%        2d10      2%          1
 Passwall                 Tmut/Erth      11%        N/A       7%          2
 Summon Guardian Golem    Hex/Summ       14%        N/A       13%         3
 Leda's Liquefaction      Hex/Erth       10%        N/A       22%         4
 Freezing Cloud           Conj/Ice/Air   15%        6-21      54%         5
 Lee's Rapid Deconstruct  Erth           10%        3d9*      54%         5
 Silence                  Hex/Air        7%         N/A       77%         5
 Orb of Destruction       Conj           31%        9d10      83%         7
 Agony                    Necr           8%         N/A       92%         5
 Summon Forest            Summ/Tloc      4%         N/A       92%         5
 Eringya's Noxious Bog    Tmut/Pois      4%         N/A       100%        6
 Statue Form              Tmut/Erth      9%         N/A       100%        6
 Spellforged Servitor     Conj/Summ      20%        N/A       100%        7
 Summon Hydra             Summ           4%         N/A       100%        7
 Polar Vortex             Ice            4%         N/A       100%        9
 Simulacrum               Ice/Necr       Unusable   N/A       N/A         6

Dungeon Overview and Level Annotations

Branches:
Dungeon (11/15)            Temple (1/1) D:4            Lair (4/5) D:10
 Shoals (0/4) Lair:3        Snake (0/4) Lair:2          Orc (0/2) D:9
Ossuary (visited)
  Slime: Lair:4-5

Altars:
Ashenzari
Cheibriados
Dithmenos
Elyvilon
Fedhas
Gozag
Hepliaklqana
Kikubaaqudgha
Makhleb
Nemelex Xobeh
Okawaru
Qazlal
Ru
Sif Muna
Trog
Uskayaw
Vehumet
Wu Jian
Xom
Yredelemnul
Zin
The Shining One

Shops:
D:4 [   D:9 *   D:10 (

Annotations:
D:2 1 exclusion
D:8 1 runed translucent door, cheesebisquit's ghost, novice MiBe
D:11 Nergalle
Temple 2 transporters
Lair:4 Snorg


Innate Abilities, Weirdness & Mutations

You cannot wear most types of armour.
You are amphibious.
You can wear up to eight rings at the same time.
Your skin changes colour to match your surroundings (Stealth+).
Your rubbery body absorbs attacks. (AC +1, EV +1)
((You are camouflaged when in or above water. (Stealth+)))
You have tentacles for arms and can constrict up to eight enemies at once.
One of your tentacles bears a spike.
You are agile. (Dex +4, Str/Int -1)
Potions are less effective at restoring your health.


Message History

As you read the scroll of blinking, it crumbles to dust.
Snorg rages.
N - a staff of conjuration (weapon)
You feel yourself speed up.
Snorg rages.
Snorg rages.
Blink to where?
Press: ? - help, Dir - move target
As you read the scroll of blinking, it crumbles to dust.
Casting: Searing Ray (safe; 1% risk of failure)
Confirm with . or Enter, or press ? or * to list all spells.
You don't have enough magic to cast this spell.
Magic courses through your body.
Casting: Searing Ray (safe; 1% risk of failure)
Confirm with . or Enter, or press ? or * to list all spells.
Aiming: Fulminant Prism (dangerous; 6% risk of failure)
Press: ? - help, Dir - move target You feel a surge of power!
You conjure a prism of explosive energy!
A fulminant prism comes into view.
Casting: Fulminant Prism (dangerous; 6% risk of failure)
Confirm with . or Enter, or press ? or * to list all spells.
Aiming: Searing Ray (safe; 1% risk of failure)
Press: ? - help, Shift-Dir - straight line, f - Snorg
Aim: Snorg (severely wounded, berserk, ally target, 83% to hit)
You feel a surge of power!
The searing ray hits Snorg!
Snorg is severely wounded. (Press . to maintain the ray.)
The searing ray hits Snorg!
Snorg is almost dead.
The searing ray hits the wolf!
The wolf is almost dead.
Your fulminant prism crackles loudly.
The searing ray hits Snorg!
Snorg is almost dead.
The searing ray hits the wolf!
You kill the wolf!
Snorg closely misses you. Snorg completely misses you. Snorg claws you!!
You die...
Your body crumbles into a pile of gold.

#...^........P.##
###.#...#.PP..#
#####..#..#####
##P#..#...#..#
.............###
.#..##.P.*P........
# ###..$.P##....
#..T...# #..
##@....# . #...#.##
#.#...(.# ####...##
#..## #..# ##<# ..
.##


You could see Snorg (berserk, ally target) and a friendly fulminant prism.

Vanquished Creatures
  A centaur warrior (D:11)
  A two-headed ogre (D:9)
  Urug (Lair:3)
  Amaemon (Lair:2)
  6 elephants (Lair:3)
  3 black mambas
  A gargoyle (D:10)
  5 cane toads
  An orange demon (Lair:2)
  An unseen horror (D:11)
  2 komodo dragons
  A rime drake (Lair:3)
  A queen bee (D:11)
  A troll (D:9)
  3 blink frogs (Lair:3)
  A polar bear (Lair:3)
  A basilisk (Lair:1)
  A vampire (D:9)
  2 wyverns
  19 yaks
  A vampire mosquito (D:10)
  Grum (D:10)
  2 steam dragons (D:6)
  3 nagas (Lair:2)
  12 water moccasins
  7 orc warriors
  2 black bears
  2 ogres (D:5)
  2 sky beasts
  7 wolves
  9 centaurs
  2 phantoms
  2 kobold brigands
  6 bullfrogs
  3 water moccasin zombies (Ossuary)
  A necrophage (D:6)
  2 scorpions
  9 wights
  30 killer bees
  9 howler monkeys
  3 jellies
  3 gnoll boudas
  4 orc priests
  3 hounds (D:5)
  Ijyb (D:3)
  Terence (D:2)
  6 iguanas
  12 orc wizards
  2 mummies (Ossuary)
  9 adders
  13 gnolls
  A shadow imp (D:6)
  2 white imps
  4 adder zombies (Ossuary)
  3 worms
  4 dart slugs
  34 orcs
  5 ball pythons
  8 endoplasms
  7 giant cockroaches
  14 goblins
  9 hobgoblins
  11 jackals
  12 kobolds
  3 quokkas
  6 bats
  5 frilled lizards
  4 gnoll zombies (Ossuary)
  A goblin zombie (D:8)
  6 hobgoblin zombies (Ossuary)
  3 kobold zombies (Ossuary)
  7 orc zombies (Ossuary)
  A quokka zombie (D:8)
  6 rats
378 creatures vanquished.

Vanquished Creatures (others)
  Joseph (D:10)
  A centaur (D:11)
  19 fulminant prisms
  9 fungi
  20 plants
50 creatures vanquished.

Grand Total: 428 creatures vanquished

Notes
Turn   | Place    | Note
-------+----------+-------------------------------------------
     0 | D:5      | croobank the Octopode Delver began the quest for the Orb.
     0 | D:5      | Reached XP level 1. HP: 16/16 MP: 1/1
    75 | D:5      | Noticed an ogre
    91 | D:6      | Noticed a steam dragon
   122 | D:5      | Noticed a jelly
   191 | D:4      | Reached XP level 2. HP: 11/21 MP: 2/2
   394 | D:4      | Found Koadd's Armour Emporium.
   436 | D:4      | Identified the +6 short sword of Righteous Fury {flame, rF-
                  | rCorr MP+9 Str+2}
   784 | D:1      | Reached XP level 3. HP: 26/26 MP: 3/3
   792 | D:1      | Found a faded altar of an unknown god.
   845 | D:1      | Reached skill level 7 in Stealth
  1529 | D:2      | Noticed Terence
  1545 | D:2      | Reached XP level 4. HP: 26/31 MP: 4/4
  1678 | D:2      | Gained mutation: You are agile. (Dex +4, Str/Int -1)
                  | [potion of mutation]
  1678 | D:2      | Gained mutation: Potions are less effective at restoring
                  | your health. [potion of mutation]
  1678 | D:2      | Gained mutation: One of your tentacles bears a spike.
                  | [potion of mutation]
  2570 | D:3      | Reached XP level 5. HP: 37/37 MP: 5/5
  2937 | D:3      | Noticed Ijyb
  2944 | D:3      | Killed Ijyb
  3921 | D:4      | Reached XP level 6. HP: 43/43 MP: 6/6
  4009 | D:2      | Killed Terence
  4122 | D:4      | Found a shimmering blue altar of Sif Muna.
  4259 | D:4      | Reached skill level 8 in Stealth
  4465 | D:4      | Found a staircase to the Ecumenical Temple.
  4474 | Temple   | Entered the Ecumenical Temple
  4474 | Temple   | Found a transporter.
  4474 | Temple   | Found a transporter.
  4476 | Temple   | Found a transporter.
  4476 | Temple   | Found a transporter.
  4494 | Temple   | Became a worshipper of Gozag Ym Sagoz the Greedy
  4816 | D:5      | Reached XP level 7. HP: 49/49 MP: 7/7
  5081 | D:5      | Reached skill level 5 in Fighting
  5357 | D:5      | Reached skill level 9 in Stealth
  5371 | D:5      | Reached XP level 8. HP: 45/55 MP: 8/8
  5531 | D:5      | Reached skill level 1 in Conjurations
  5560 | D:5      | Reached skill level 1 in Spellcasting
  5953 | D:6      | Identified the ring of the Middle {EV+4 Str+2 Int+5 Dex-5}
  6055 | D:6      | Reached skill level 5 in Axes
  6214 | D:6      | Found a stormy altar of Qazlal.
  6230 | D:6      | Reached skill level 5 in Dodging
  6750 | D:7      | Noticed a rust devil
  6750 | D:7      | Noticed a rust devil
  6752 | D:7      | Reached XP level 9. HP: 62/62 MP: 13/13
  7288 | D:7      | Noticed a komodo dragon
  7411 | D:6      | Learned a level 2 spell: Searing Ray
  7415 | D:6      | Learned a level 3 spell: Dazzling Flash
  7475 | D:6      | Reached skill level 10 in Stealth
  7518 | D:7      | Killed a komodo dragon
  7977 | D:7      | Found a sacrificial altar of Ru.
  8232 | D:8      | Found a sand-covered staircase.
  8283 | Ossuary  | Entered an ossuary
  8401 | Ossuary  | Reached skill level 5 in Conjurations
  8600 | D:8      | Reached XP level 10. HP: 69/69 MP: 16/16
  8791 | D:8      | Found a snail-covered altar of Cheibriados.
  8821 | D:8      | Found a radiant altar of Vehumet.
  8841 | D:8      | Reached skill level 5 in Spellcasting
  8843 | D:8      | Found a runed translucent door.
  9288 | D:8      | Noticed cheesebisquit's ghost (novice MiBe)
 10004 | D:9      | Noticed a two-headed ogre
 10015 | D:9      | Killed a two-headed ogre
 10138 | D:9      | Found Qebagugo's General Store.
 10166 | D:10     | Entered Level 10 of the Dungeon
 10172 | D:10     | Reached skill level 11 in Stealth
 10471 | D:9      | Found a staircase to the Orcish Mines.
 10916 | D:9      | Found a broken altar of Ashenzari.
 11131 | D:10     | Noticed Joseph
 11149 | D:10     | Found a white marble altar of Elyvilon.
 11164 | D:10     | Noticed a gargoyle
 11209 | D:10     | Identified the +2 whip of Taxation {vamp, rPois rN+}
 11232 | D:11     | Noticed a centaur warrior
 11239 | D:11     | Killed a centaur warrior
 11247 | D:11     | Reached XP level 11. HP: 40/75 MP: 9/20
 11326 | D:10     | Killed Joseph
 11442 | D:10     | Found a glowing golden altar of the Shining One.
 11442 | D:10     | Found a shimmering altar of Xom.
 11553 | D:10     | Found Juakin's Antique Weapon Emporium.
 11589 | D:10     | Found a staircase to the Lair.
 11652 | D:10     | You fall into a shaft and drop 1 floor!
 12464 | D:11     | Noticed Nergalle
 12626 | D:10     | Noticed Grum
 12644 | D:10     | Killed Grum
 12722 | Lair:1   | Entered Level 1 of the Lair of Beasts
 12832 | Lair:1   | Learned a level 3 spell: Stone Arrow
 12916 | Lair:1   | Reached skill level 12 in Stealth
 13788 | Lair:2   | Reached XP level 12. HP: 82/82 MP: 23/23
 14492 | Lair:2   | Found a staircase to the Snake Pit.
 14492 | Lair:2   | Noticed Amaemon
 14508 | Lair:2   | Learned a level 4 spell: Fulminant Prism
 14526 | Lair:2   | Reached skill level 1 in Earth Magic
 14549 | Lair:2   | Reached skill level 1 in Hexes
 14687 | Lair:2   | Killed Amaemon
 15784 | Lair:3   | Noticed Urug
 15795 | Lair:3   | Killed Urug
 16100 | Lair:3   | Found a staircase to the Shoals.
 16352 | Lair:3   | Reached skill level 13 in Stealth
 16821 | Lair:4   | Noticed Snorg
 16839 | Lair:4   | HP: 3/84 [Snorg (19)]
 16850 | Lair:4   | Mangled by Snorg

Illustrated notes

Levels and vault maps discovered:
D:1:      heliophobic_arrival_dark_side_of_the_moon, layout_basic,
          hellmonk_ecumenical_altar_zigzags, minmay_pentomino_q4
D:2:      layout_basic, minmay_distorted, uniq_terence
D:3:      kennysheep_goblin_castle, layout_basic
D:4:      layout_basic, mainiacjoe_overflow_catwalk, minmay_temple_entry_fiery,
          serial_shops, kennysheep_little_box
D:5:      layout_gridville, minmay_statues_item, minmay_circle_x
D:6:      layout_basic, lemuel_doored_altar, chequers_mini_garden,
          amcnicky_mini_pool_small, hangedman_decor_opposing,
          kennysheep_doodads, minmay_misc_feat_square
D:7:      cheibrodos_iron_armory, layout_basic, lemuel_tele_altar,
          minmay_misc_feat_roman, kennysheep_nub
D:8:      layout_layer_cave, nicolae_overflow_crystal_walls, vehumet_crystals,
          enter_ossuary_4, hellmonk_ghost_happy_afterlife,
          kennysheep_cross_bottleneck, eino_small_chamber_without_monster
D:9:      layout_irregular_city, mainiacjoe_overflow_alcove_1, david_orc_4,
          serial_shops, nicolae_shop_advertising_works
          [nicolae_subvault_shop_adworks]
D:10:     nicolae_whirlpool, layout_gridville, gammafunk_temple_overflow_pools,
          mainiacjoe_overflow_tiny_flanked, dpeg_oklobed_lair, serial_shops,
          nicolae_shop_stone, uniq_grum, uniq_joseph
D:11:     layout_roguey [special_room_bee], uniq_nergalle
Temple:   hellmonk_temple_divided_pantheon
Lair:1:   layout_misc_corridors
Lair:2:   layout_cave_pods, minmay_snake_entry_guardpost_small,
          nicolae_quartered_pool_super, uniq_amaemon
Lair:3:   layout_long_grid, shoals_dummy_entry, nicolae_lair_grove_arrangements,
          uniq_urug
Lair:4:   layout_loops_ring, slime_entry_2, uniq_snorg

Skill      XL: |  1  2  3  4  5  6  7  8  9 10 11 12 |
---------------+-------------------------------------+-----
Stealth        | 7 8 9 10 11 12 13 | 13.1
Axes           | 3 4 5 6 7 8 |  8.4
Dodging        | 3 4 5 6 7 8 |  8.3
Fighting       | 4 5 6 7 8 |  8.8
Conjurations   | 3 5 6 8 9 |  9.3
Spellcasting   | 2 4 6 7 8 |  8.5
Earth Magic    | 3 |  3.0
Hexes          | 3 |  3.0

Action                   |  1- 3 |  4- 6 |  7- 9 | 10-12 || total
-------------------------+-------+-------+-------+-------++-------
Melee: Hand axe          |     9 |       |       |    41 ||    50
       Constrict         |    13 |    20 |    51 |    59 ||   143
       Tentacles         |     7 |    10 |    50 |   138 ||   205
       Short sword       |    50 |   104 |   213 |   285 ||   652
       Kick              |       |    19 |    67 |   244 ||   330
       Punch             |       |       |     3 |    10 ||    13
       Whip              |       |       |       |   153 ||   153
       Staff             |       |       |       |    19 ||    19
       Broad axe         |       |       |       |    18 ||    18
 Fire: Shortbow          |       |       |       |     2 ||     2
Throw: Throwing net      |       |       |       |     2 ||     2
       Javelin           |       |       |       |     1 ||     1
 Cast: Dazzling Flash    |       |       |     7 |    47 ||    54
       Searing Ray       |       |       |     3 |    61 ||    64
       Fulminant Prism   |       |       |       |    20 ||    20
       Stone Arrow       |       |       |       |     5 ||     5
Invok: Potion Petition   |       |       |       |     4 ||     4
Evoke: Wand              |       |       |     2 |     3 ||     5
  Use: Scroll            |     2 |    14 |     6 |    12 ||    34
       Potion            |       |     8 |     1 |     9 ||    18
 Stab: Sleeping          |    17 |    17 |    23 |    16 ||    73
       Distracted        |       |       |     6 |     2 ||     8
       Invisible         |       |       |     1 |    24 ||    25
Armor: Skin              |     1 |     9 |    22 |   103 ||   135
Dodge: Dodged            |    25 |    82 |   161 |   819 ||  1087
